 Dungeon Crawl Stone Soup version 0.31-a0-1074-g0b22e4e0f1 (webtiles) character file.

Game seed: 14013033983959570601

1059 grandjackal the Magician (level 8, -2/61 HPs)
             Began as a Deep Elf Conjurer on Dec 6, 2023.
             Slain by a lemure (3 damage)
             ... led by Pikel
             ... on level 5 of the Dungeon.
             The game lasted 00:07:45 (4512 turns).

grandjackal the Magician (Deep Elf Conjurer)        Turns: 4512, Time: 00:07:46

Health: -2/61      AC:  4    Str:  3 (4)  XL:     8   Next: 6%
Magic:  18/21      EV: 12    Int: 25 (26) God:
Gold:   330        SH:  0    Dex: 10 (13) Spells: 5/22 levels left

rFire   + . .        p - staff of air
rCold   + + .        (no shield)
rNeg    . . .        a - +0 robe
rPois   .            (no helmet)
rElec   +            f - scarf {rC+ rF+}
rCorr   .            t - +0 pair of gloves
SInv    .            e - +0 pair of boots
Will    .....        (no amulet) Stlth
                     v - ring of protection from cold
HPRegen 0.30/turn    (no ring)
MPRegen 0.17/turn

%: no passive effects
@: mighty, berserking, very quick
A: no striking features
a: no special abilities


You were on level 5 of the Dungeon.
You visited 1 branch of the dungeon, and saw 5 of its levels.

You collected 330 gold pieces.

Inventory:

Hand Weapons
 k - a +2 dagger of venom
Armour
 a - a +0 robe (worn)
 e - a +0 pair of boots (worn)
 f - a scarf of resistance (worn)
 t - a +0 pair of gloves (worn)
Magical Staves
 p - a staff of air (weapon)
Jewellery
 v - a ring of protection from cold (left hand)
Wands
 h - a wand of iceblast (22)
Scrolls
 d - 2 scrolls of revelation {unknown}
 g - a scroll of brand weapon {unknown}
 j - 3 scrolls of vulnerability {unknown}
 r - 5 scrolls of identify {unknown}
 u - a scroll of poison {unknown}
 w - a scroll of teleportation {unknown}
 y - 2 scrolls of immolation {unknown}
Potions
 b - a potion of magic
 c - a potion of curing
 l - a potion of degeneration
 m - a potion of attraction {unknown}
 n - a potion of invisibility {unknown}
 o - a potion of berserk rage
 q - a potion of cancellation {unknown}
 s - a potion of enlightenment {unknown}
 x - a potion of ambrosia {unknown}


   Skills:
 - Level 2.4 Dodging
 - Level 2.4 Stealth
 + Level 7.9 Spellcasting
 + Level 7.5 Conjurations
 - Level 5.4 Hexes
 + Level 2.5 Translocations


You had 5 spell levels left.
You knew the following spells:

 Your Spells              Type           Power      Damage    Failure   Level
a - Magic Dart            Conj           100%       1d8       1%          1
b - Searing Ray           Conj           94%        2d7       1%          2
c - Sigil of Binding      Hex            37%        N/A       1%          3
d - Fulminant Prism       Conj/Hex       21%        3d12      4%          4
e - Iskenderun's Mystic   Conj/Tloc      35%        2d8       8%          4
f - Gell's Gravitas       Tloc           22%        N/A       6%          3

Your spell library contained the following spells:

 Spells                   Type           Power      Damage    Failure   Level
 Slow                     Hex            100%       N/A       1%          1
 Confusing Touch          Hex            37%        N/A       1%          3
 Dazzling Flash           Conj/Hex       84%        N/A       1%          3
 Teleport Other           Tloc           22%        N/A       6%          3
 Vampiric Draining        Necr           9%         2d6       19%         3
 Dispersal                Tloc           11%        N/A       97%         6


Dungeon Overview and Level Annotations

Branches:
Dungeon (5/15)
 Temple: D:4-7

Altars:
Wu Jian
The Shining One

Shops:
D:5 *

Annotations:
D:3 1 runed translucent door, TransRights's ghost, amateur MiBe
D:5 Pikel


Message History

The lemure is lightly wounded. (Press . to maintain the ray.)
The lemure hits you.
The searing ray hits the lemure.
The lemure is moderately wounded.
The searing ray misses the lemure.
The searing ray hits Pikel!
Pikel is lightly wounded.
The lemure hits you!
The searing ray hits the lemure!
The lemure is heavily wounded.
The searing ray hits the lemure.
The lemure is moderately wounded.
The searing ray hits Pikel.
Pikel is moderately wounded.
The lemure hits you!
* * * LOW HITPOINT WARNING * * *
Unknown command.
It was a potion of might.
You feel very mighty all of a sudden. The lemure misses you.
It was a potion of degeneration.
There was something very wrong with that liquid.
You feel weakened.
You feel dopey.
You feel clumsy. The lemure closely misses you.
It was a potion of berserk rage.
A red film seems to cover your vision as you go berserk!
You feel yourself moving faster!
You feel mighty! The lemure hits you.
* * * LOW HITPOINT WARNING * * *
You hit the lemure.
The lemure is severely wounded.
A lemure comes into view.
The lemure hits you!
* * * LOW HITPOINT WARNING * * *
You completely miss the lemure.
The lemure is severely wounded.
The lemure shouts!
You hit the lemure.
The lemure is severely wounded.
The lemure hits you.
You die...

#.#.# #.#.# # ..#.#
# ..#.####### #
...#.......# #
...#######.# +
.........#
#####+######..#####
#......#####.K55@.#
#......<†..#.####.#
#.......##...# 5#
#.......##K### .#
#.......[#.# .#
...........# ##
8.8.8.8.8..#
...........#
.8.8.8.8.8.#


You could see Pikel and 3 lemures.

Vanquished Creatures
  2 black bears
  An ogre (D:4)
  A phantom (D:5)
  3 killer bees (D:5)
  2 howler monkeys (D:4)
  2 hounds (D:4)
  A jelly (D:3)
  3 orc priests (D:4)
  2 iguanas (D:4)
  4 orc wizards
  A gnoll (D:1)
  4 adders
  A white imp (D:5)
  2 worms
  3 dart slugs
  11 orcs
  9 endoplasms
  3 giant cockroaches
  13 goblins
  7 hobgoblins
  2 jackals (D:2)
  3 quokkas
  9 ball pythons
  8 bats
  3 frilled lizards
  9 kobolds
  11 rats
120 creatures vanquished.

Notes
Turn   | Place    | Note
-------+----------+-------------------------------------------
     0 | D:1      | grandjackal the Deep Elf Conjurer began the quest for the
                  | Orb.
     0 | D:1      | Reached XP level 1. HP: 10/10 MP: 6/6
   184 | D:1      | Reached XP level 2. HP: 15/15 MP: 5/8
   187 | D:1      | Learned a level 2 spell: Searing Ray
   455 | D:1      | Reached skill level 5 in Conjurations
   455 | D:1      | Reached XP level 3. HP: 19/19 MP: 1/10
   532 | D:1      | Learned a level 3 spell: Sigil of Binding
  1223 | D:2      | Reached skill level 1 in Hexes
  1645 | D:2      | Reached XP level 4. HP: 18/24 MP: 4/12
  2047 | D:2      | Found a faded altar of an unknown god.
  2172 | D:2      | Learned a level 4 spell: Fulminant Prism
  2221 | D:3      | Found an ornate altar of the Wu Jian Council.
  2284 | D:3      | Reached skill level 5 in Spellcasting
  2388 | D:3      | Found a runed translucent door.
  2389 | D:3      | Noticed TransRights's ghost (amateur MiBe)
  2401 | D:3      | Reached XP level 5. HP: 24/28 MP: 9/14
  2572 | D:3      | Found a glowing golden altar of the Shining One.
  3016 | D:4      | Noticed a black bear
  3121 | D:4      | Reached XP level 6. HP: 32/32 MP: 9/16
  3449 | D:4      | Reached XP level 7. HP: 36/36 MP: 12/18
  3658 | D:4      | Reached skill level 5 in Hexes
  3939 | D:4      | Learned a level 4 spell: Iskenderun's Mystic Blast
  4199 | D:4      | Learned a level 3 spell: Gell's Gravitas
  4217 | D:5      | Entered Level 5 of the Dungeon
  4225 | D:5      | Found Gutuv's Neck Hole.
  4234 | D:5      | Reached skill level 1 in Translocations
  4349 | D:5      | Reached XP level 8. HP: 9/41 MP: 11/21
  4353 | D:5      | HP: 2/41 [poisoned by a killer bee]
  4490 | D:5      | Noticed Pikel
  4510 | D:5      | HP: 1/61 [lemure[Pikel] (7)]
  4512 | D:5      | Slain by a lemure

Illustrated notes

Levels and vault maps discovered:
D:1:      minmay_arrival_shattered_statue, layout_rooms, minmay_pentomino_s4
D:2:      minmay_diamond_boxcup, layout_basic, serial_corexii_hall,
          chequers_hall_statues_y, chequers_hall_statues_corner_a,
          hellmonk_ecumenical_altar_heavens_door, minmay_rat_gold_closets
D:3:      layout_rooms, nicolae_wu_jian_wuxing_cycle,
          mainiacjoe_overflow_concentric_impassable,
          ebering_ghost_reflecting_pool
D:4:      layout_cave_pools
D:5:      layout_basic, hangedman_ru_absence, minmay_misc_feat_pillars,
          nicolae_shop_sticking_my_neck_out, uniq_crazy_yiuf_cottage, uniq_pikel

Skill      XL: |  1  2  3  4  5  6  7 |
---------------+----------------------+-----
Spellcasting   | 4 5 6 7 |  7.9
Conjurations   | 5 6 7 |  7.5
Hexes          | 1 2 3 4 5 |  5.4
Translocations | 2 |  2.5
Dodging        | |  2.4
Stealth        | |  2.4

Action                     |  1- 3 |  4- 6 |  7- 9 || total
---------------------------+-------+-------+-------++-------
  Melee: Dagger            |       |    12 |       ||    12
         Staff             |       |     8 |     9 ||    17
   Cast: Magic Dart        |    70 |    50 |     1 ||   121
         Searing Ray       |     2 |    18 |    17 ||    37
    Use: Potion            |       |       |     6 ||     6
 Armour: Robe              |     4 |    24 |    43 ||    71
  Dodge: Dodged            |     6 |    28 |    30 ||    64

Table legend: (Time is in decaauts)
 A = Elapsed time spent in this place.
 B = Non-inter-level travel time spent in this place.
 C = Inter-level travel time spent in this place.
 D = Time resting spent in this place.
 E = Time spent auto-exploring this place.
 F = Levels seen in this place.
 G = Mean time per level.
                   A        B        C        D        E       F      G
               +--------+--------+--------+--------+--------+-----+--------+
         Total |   4515 |   4408 |    107 |   1055 |   2631 |   5 |  903.0 |
       Dungeon |   4515 |   4408 |    107 |   1055 |   2631 |   5 |  903.0 |
               +--------+--------+--------+--------+--------+-----+--------+

Top non-repeatable levels by time:
     D:2: 1371 daAuts
     D:3: 1123 daAuts
     D:4: 1008 daAuts
     D:1: 842 daAuts
     D:5: 169 daAuts
